 Dungeon Crawl Stone Soup version 0.25-a0-346-g140ab784a8 (webtiles) character file.

Game seed: 16372096361105346854, levelgen mode: deterministic

2 PentaManta the Shooter (level 1, 0/17 HPs)
             Began as a Centaur Hunter on Jan 1, 2020.
             Slain by an orc priest
             ... wielding a +0 club
              (1 damage)
             ... on level 2 of the Dungeon.
             The game lasted 00:00:48 (189 turns).

PentaManta the Shooter (Centaur Hunter)              Turns: 189, Time: 00:00:50

Health: 0/17       AC:  4    Str: 14    XL:     1   Next: 25%
Magic:  1/1        EV:  9    Int: 10    God:
Gold:   24         SH:  0    Dex:  9    Spells: 0/0 levels left

rFire    . . .     SeeInvis .   a - +1 shortbow
rCold    . . .     Gourm    .   (shield currently unavailable)
rNeg     . . .     Faith    .   c - +0 leather armour
rPois    .         Spirit   .   (no helmet)
rElec    .         Reflect  .   (no cloak)
rCorr    .         Harm     .   (no gloves)
MR       .....                  (no barding)
Stlth    +.........             (no amulet)
HPRegen  0.05/turn              g - ring of flight
MPRegen  0.07/turn              (no ring)

@: very quick
A: large, hooves 3, deformed body, speed 2, tough skin 3
a: Evoke Flight


You were on level 2 of the Dungeon.
You were not hungry.

You visited 1 branch of the dungeon, and saw 2 of its levels.

You collected 24 gold pieces.

Inventory:

Hand Weapons
 a - a +1 shortbow (weapon)
 b - a +0 short sword
Missiles
 d - 34 arrows (quivered)
Armour
 c - a +0 leather armour (worn)
Jewellery
 g - a ring of flight (left hand)
Scrolls
 e - a scroll of identify {unknown}
Potions
 h - a potion of heal wounds {unknown}
 i - a potion of mutation {unknown}
Comestibles
 f - 2 rations


   Skills:
 - Level 2.0 Fighting
 + Level 5.4 Bows
 - Level 1.3 Dodging
 - Level 0.4 Stealth


You couldn't memorise any spells.
You didn't know any spells.
Your spell library was empty.

Dungeon Overview and Level Annotations

Branches:
Dungeon (1/15)

Altars:


Innate Abilities, Weirdness & Mutations

You have hooves in place of feet.
Armour fits poorly on your strangely shaped body.
You cover ground very quickly.
You have extremely tough skin. (AC +3)


Message History

Press: ? - help, Shift-Dir - straight line, f/p - orc priest
Aim: an orc priest, wielding a +0 club (moderately wounded)
You shoot an arrow. The orc wizard shouts!
The arrow hits the orc priest but does no damage.
The orc priest is moderately wounded.
You hear a shout!
Firing (i - inventory)
d - 36 arrows (quivered)
Press: ? - help, Shift-Dir - straight line, f/p - orc priest
Aim: an orc priest, wielding a +0 club (moderately wounded)
You shoot an arrow. The arrow hits the orc priest.
The orc priest is moderately wounded.
Firing (i - inventory)
d - 35 arrows (quivered)
Press: ? - help, Shift-Dir - straight line, f/p - orc priest
Aim: an orc priest, wielding a +0 club (moderately wounded)
You shoot an arrow.
The arrow closely misses the orc priest.
The arrow closely misses the orc wizard.
The orc priest hits you with a +0 club.
You die...

##..## #...........
#....# #.###.......
#.##.# #.# ...... #. #.#
#.## ..... #. #.####
#..###. # #. .
#....#####..##.# #. .
####...####.##.# #.
.[########.......#.####.
((o.((o@................
.#############...#..#...
##..##..... #..###....
###........<
#...........<
...###.##..... ..#
#..#..... # ##.#.....


You could see an orc priest and an orc wizard.

Vanquished Creatures
  A kobold (D:2)
  A goblin (D:1)
2 creatures vanquished.

Notes
Turn   | Place    | Note
-------+----------+-------------------------------------------
     0 | D:1      | PentaManta the Centaur Hunter began the quest for the Orb.
     0 | D:1      | Reached XP level 1. HP: 17/17 MP: 1/1
    84 | D:1      | You fall into a shaft and drop 1 floor!
   182 | D:2      | Noticed an orc priest
   186 | D:2      | Noticed an orc wizard
   189 | D:2      | Slain by an orc priest

Levels and vault maps discovered:
D:1:      evilmike_arrival_hilbert_curve, layout_basic
D:2:      layout_rooms, grunt_temple_overflow_open, uniq_natasha, uniq_sigmund

Action                   || total
-------------------------++-------
 Fire: Shortbow          ||    13
Armor: Leather armour    ||     2
Dodge: Dodged            ||     2

Table legend:
 A = Non-vault XP
 B = Vault XP
 C = Vault XP percentage of total XP
 D = Non-vault monster count
 E = Vault monster count
 F = Vault count percentage of total count
                 A         B        C        D         E       F
            +---------+---------+-------+---------+---------+-------
      Total |       3 |       0 |   0.0 |       2 |       0 |   0.0
            +---------+---------+-------+---------+---------+-------
        D:1 |       1 |       0 |   0.0 |       1 |       0 |   0.0
        D:2 |       2 |       0 |   0.0 |       1 |       0 |   0.0
            +---------+---------+-------+---------+---------+-------
